 Dungeon Crawl Stone Soup version 0.15.2 (webtiles) character file.

122 magipi the Chopper (level 5, -16/27 HPs)
             Began as a Vine Stalker Berserker on Sept 30, 2015.
             Was a Believer of Trog.
             Demolished by Menkaure (17 damage)
             ... on Level 4 of the Dungeon.
             The game lasted 00:09:41 (1530 turns).

magipi the Chopper (Vine Stalker Berserker)         Turns: 1530, Time: 00:09:42

HP -16/27        AC  6     Str 20      XL: 5   Next:  6%
MP   0/7         EV  8     Int  7      God: Trog [**....]
Gold 109         SH  0     Dex 14      Spells:  0 memorised,  4 levels left

rFire  . . .     SeeInvis .     a - +0 hand axe
rCold  . . .     Clarity  .     i - +0 scale mail
rNeg   . . .     rCorr    .     (no shield)
rPois  .         rRot     +     (no helmet)
rElec  .         Spirit   +     (no cloak)
SustAb .         Warding  .     (no gloves)
rMut   .         Stasis   .     (no boots)
Gourm  .                        (no amulet)
MR     .....                    (no ring)
                                (no ring)

@: not resistant to hostile enchantments, extremely unstealthy
A: fangs 2, regeneration 1, magic shield, antimagic bite, no device heal 3, rot
immunity
a: Burn Spellbooks, Berserk, Trog's Hand, Renounce Religion


You were on level 4 of the Dungeon.
You worshipped Trog.
Trog was pleased with you.
You were very hungry.

You visited 1 branch of the dungeon, and saw 4 of its levels.

You collected 109 gold pieces.

Inventory:

Hand weapons
 a - a +0 hand axe (weapon)
Missiles
 p - 13 poisoned needles
Armour
 g - a +0 ring mail
 i - a +0 scale mail (worn)
Comestibles
 c - 2 bread rations
 o - a beef jerky
Scrolls
 b - a scroll of fog {unknown}
 d - 10 scrolls of identify {unknown}
 e - 2 scrolls of magic mapping {unknown}
 f - a scroll of random uselessness {unknown}
 h - 2 scrolls of teleportation {unknown}
 j - a scroll of enchant weapon {unknown}
 n - 3 scrolls of remove curse {unknown}
 s - a scroll of enchant armour {unknown}
Potions
 k - a potion of brilliance {unknown}
 l - 2 potions of heal wounds {unknown}
 m - 2 potions of mutation {unknown}
 q - a potion of agility {unknown}
 r - 2 potions of poison {unknown}


   Skills:
 - Level 2.6 Fighting
 + Level 5.1 Axes
 - Level 1.5 Armour
 - Level 1.5 Dodging


You had 4 spell levels left.
You didn't know any spells.

Dungeon Overview and Level Annotations

Branches:
Dungeon (4/15)
 Temple: D:4-7

Altars:

Annotations:
D:4 Menkaure


Innate Abilities, Weirdness & Mutations

You have extremely sharp teeth.
Your natural rate of healing is unusually fast.
When hurt, damage is shared between your health and your magic reserves.
Your bite disrupts and absorbs the magic of your enemies.
Potions and wands cannot restore your health.
You are immune to rotting.

Vault maps used:
D:1:      elethiomel_arrival_maze
D:2:      uniq_terence
D:3:      fedhas_altar_fruit_tree, first_bread
D:4:      uniq_grinder, uniq_menkaure


Message History

The goblin is severely wounded.
The goblin barely misses you. The goblin hits you.
You hit the goblin.
The goblin is almost dead.
The goblin closely misses you.
You barely miss the goblin. Your bite misses the goblin.
The goblin is almost dead.
The goblin closely misses you. The goblin hits you but does no damage.
You hit the goblin.
You kill the goblin!
Trog accepts your kill.
A rat comes into view.
You slash the rat!
You kill the rat!
Trog accepts your kill.
You feel yourself speed up.
Found an escape hatch in the ceiling.
You feel less exhausted.
There is an escape hatch in the ceiling here.
Found 22 stones.
A hobgoblin comes into view.
The hobgoblin shouts!
You see here 22 stones.
The hobgoblin barely misses you.
You hit the hobgoblin.
The hobgoblin is heavily wounded.
The hobgoblin misses you.
You hit the hobgoblin but do no damage.
The hobgoblin is heavily wounded.
The hobgoblin hits you but does no damage.
You hit the hobgoblin.
The hobgoblin is almost dead.
The hobgoblin hits you but does no damage.
You slash the hobgoblin!
You kill the hobgoblin!
Trog accepts your kill.
Found 2 scrolls labeled HEXTEU RASUCHA.
n - 3 scrolls labeled HEXTEU RASUCHA (gained 2)
You are near starving!
Found a stone staircase leading down.
There is a stone staircase leading down here.
Found a hand axe.
Found a stone staircase leading up.
Found a fizzy blue potion.
r - a fizzy blue potion
There is a stone staircase leading up here.
You climb upwards.
There is a stone staircase leading down here.
r - 2 fizzy blue potions (gained 1)
There is an escape hatch in the floor here.
You slide downwards.
The hatch slams shut behind you.
Found a scroll labeled BRODYIL QAFOTY.
s - a scroll labeled BRODYIL QAFOTY A bat comes into view.
You completely miss the bat. The bat hits you but does no damage.
The bat hits you but does no damage. The bat closely misses you.
You hit the bat.
You kill the bat!
Trog accepts your kill.
You see here a bat corpse.
You start butchering the bat corpse.
You continue butchering the corpse.
You continue butchering the corpse. x2
You finish butchering the bat corpse.
t - a chunk of bat flesh You see here a bat skeleton.
Eat a chunk of bat flesh? (ye/n/q/i?) This raw flesh tastes terrible.
You are feeling hungry.
You continue eating. x2
You are feeling very hungry.
You see here a bat skeleton.
Found a robe.
There is an escape hatch in the floor here.
You slide downwards.
The hatch slams shut behind you.
Menkaure, Prince of Dust comes into view.
Found a cutlass and a dagger.
Use which ability? (? or * to list) You're too hungry to go berserk.
A kobold comes into view. It is wielding a dagger.
The kobold shouts!
Menkaure hits you!
You hit Menkaure.
Menkaure is moderately damaged.
Menkaure misses you.
The kobold throws a stone.
The stone hits you but does no damage.
A worker ant comes into view.
You slash Menkaure!
Menkaure is heavily damaged.
Menkaure gestures wildly while chanting.
Menkaure seems to speed up.
The kobold throws a stone.
The stone closely misses you.
You barely miss Menkaure. Your bite misses Menkaure.
Menkaure is heavily damaged.
Menkaure hits you!!
Ouch! That really hurt!
* * * LOW HITPOINT WARNING * * *
You hit Menkaure but do no damage. You bite Menkaure, but do no damage.
Menkaure is heavily damaged.
Menkaure hits you!
Ouch! That really hurt!
You die...

#........
.........
#)......
#.......
##......
###.....#
##......#
###.....(.#
#......@.##
...)a..M..#
.........#
...#....##
........#
...K...#
.....##
.... .


You could see Menkaure, a worker ant and a kobold.

Table legend:
 A = Kills in this place as a percentage of kills in entire the game.
 B = Kills by you in this place as a percentage of kills by you in the entire game.
 C = Kills by friends in this place as a percentage of kills by friends in the entire game.
 D = Other kills in this place as a percentage of other kills in the entire game.
 E = Experience gained in this place as a percentage of experience gained in the entire game.
 F = Experience gained in this place divided by the number of levels of this place that you have seen.
                   A       B       C       D       E      F
               +-------+-------+-------+-------+-------+----------------------
         Total | 100.0 | 100.0 |  -nan |  -nan | 100.0 |  43.8
       Dungeon | 100.0 | 100.0 |  -nan |  -nan | 100.0 |  43.8
               +-------+-------+-------+-------+-------+----------------------

Vanquished Creatures
  Terence (D:2)
  3 adders
  3 worms
  A giant mite (D:3)
  A giant gecko (D:2)
  An ooze (D:2)
  4 orcs (D:3)
  2 ball pythons
  8 bats
  A giant cockroach (D:2)
  8 hobgoblins
  3 kobolds (D:2)
  2 quokkas
  2 giant newts
  5 goblins
  6 rats
51 creatures vanquished.

Notes
Turn   | Place    | Note
--------------------------------------------------------------
     0 | D:1      | magipi, the Vine Stalker Berserker, began the quest for the Orb.
     0 | D:1      | Reached XP level 1. HP: 11/11 MP: 1/1
   209 | D:1      | Reached skill level 3 in Axes
   257 | D:1      | Reached XP level 2. HP: 11/16 MP: 0/3
   341 | D:2      | Noticed Terence
   345 | D:2      | Killed Terence
   380 | D:2      | Reached XP level 3. HP: 15/19 MP: 4/4
   494 | D:2      | Reached skill level 4 in Axes
   551 | D:2      | Acquired Trog's second power
   659 | D:2      | Reached XP level 4. HP: 20/23 MP: 5/5
  1195 | D:3      | Reached skill level 5 in Axes
  1223 | D:3      | Reached XP level 5. HP: 27/27 MP: 7/7
  1524 | D:4      | Noticed Menkaure
  1529 | D:4      | HP: 1/27 [Menkaure (18)]
  1530 | D:4      | Demolished by Menkaure

Action                   |  1- 3 |  4- 6 || total
-------------------------+-------+-------++-------
Melee: Hand axe          |    91 |    76 ||   167
Invok: Berserk           |     2 |     1 ||     3
  Eat: Chunk             |       |     4 ||     4

Action                   |  1- 3 |  4- 6 || total
-------------------------+-------+-------++-------
Melee: Hand axe          |    91 |    76 ||   167
Invok: Berserk           |     2 |     1 ||     3
  Eat: Chunk             |       |     4 ||     4

Action                   |  1- 3 |  4- 6 || total
-------------------------+-------+-------++-------
Melee: Hand axe          |    91 |    76 ||   167
Invok: Berserk           |     2 |     1 ||     3
  Eat: Chunk             |       |     4 ||     4
